 Dungeon Crawl Stone Soup version 0.31-a0-636-ge1c0e020e0 (webtiles) character file.

Game seed: 12928846481779790945

2 rvierbuc the Sneak (level 1, -1/18 HPs)
             Began as a Demonspawn Delver on Aug 26, 2023.
             Slain by an ice beast (6 damage)
             ... on level 5 of the Dungeon.
             The game lasted 00:01:40 (83 turns).

rvierbuc the Sneak (Demonspawn Delver)                Turns: 83, Time: 00:01:41

Health: -1/18      AC:  3    Str: 12    XL:     1   Next: 25%
Magic:  1/1        EV: 12    Int: 11    God:
Gold:   12         SH:  0    Dex: 14    Spells: 0/0 levels left

rFire   . . .        a - +0 hand axe
rCold   . . .        (no shield)
rNeg    . . .        b - +0 leather armour
rPois   .            (no helmet)
rElec   .            (no cloak)
rCorr   .            (no gloves)
SInv    .            (no boots)
Will    .....        (no amulet)
Stlth   ++           (no ring)
HPRegen 0.23/turn    (no ring)
MPRegen 0.07/turn

%: no passive effects
@: no status effects
A: no striking features
a: no special abilities


You were on level 5 of the Dungeon.
You visited 1 branch of the dungeon, and saw 1 of its levels.

You collected 12 gold pieces.

Inventory:

Hand Weapons
 a - a +0 hand axe (weapon)
Armour
 b - a +0 leather armour (worn)
Wands
 g - a wand of digging (3)
Scrolls
 c - a scroll of fog
 d - a scroll of revelation
 e - a scroll of fear
Potions
 f - 2 potions of haste
 h - a potion of cancellation {unknown}
 i - a potion of curing {unknown}
 j - a potion of lignification {unknown}


   Skills:
 + Level 3.0 Fighting
 + Level 1.7 Axes
 + Level 2.0 Dodging
 + Level 4.5 Stealth


You couldn't memorise any spells.
You didn't know any spells.
Your spell library was empty.

Dungeon Overview and Level Annotations

Branches:
Dungeon (5/15)
 Temple: D:4-7

Altars:


Message History

Found a viscous purple potion.
Found a stone staircase leading down.
Found 12 gold pieces.
h - a viscous purple potion You now have 12 gold pieces.
Okay, then.
Okay, then.
Your library has no spells.
Welcome back, rvierbuc the Demonspawn Delver.
Press ? for a list of commands and other information.
Unknown command.
Welcome back, rvierbuc the Demonspawn Delver.
Press ? for a list of commands and other information.
i - a yellow potion An ice beast comes into view.
You see here a fuming coppery potion.
j - a fuming coppery potion
Found a scroll labelled GASCHO QOLOKE.
Found a potion of haste.
Found 9 stones.
An orc comes into view. It is wielding a +0 hand axe.
You see here a potion of haste.
f - 2 potions of haste (gained 1)
The helpless orc fails to defend itself.
You hit the orc.
The orc is severely wounded.
The orc hits you with a +0 hand axe.
You barely miss the orc.
The orc is severely wounded.
The orc hits you with a +0 hand axe.
You hit the orc.
You kill the orc!
You hit the ice beast but do no damage. The ice beast hits you.
The ice beast freezes you.
Your Dodging skill increases to level 2!
You hit the ice beast.
The ice beast is lightly wounded.
The ice beast hits you.
* * * LOW HITPOINT WARNING * * *
The ice beast freezes you.
You die...

#..# #..#### #.....
#.(. ####.# #....#
#.##.####
###.##..Y.#
#.....###@#
########.....# #)#
...>.........###.#
##.#####......##.###
#.# #............
#.# ####...##.## #.#
##.###.# #.# #.# #.#
##.# #.#


You could see an ice beast.

Vanquished Creatures
  An orc (D:5)
1 creature vanquished.

Notes
Turn   | Place    | Note
-------+----------+-------------------------------------------
     0 | D:5      | rvierbuc the Demonspawn Delver began the quest for the Orb.
     0 | D:5      | Reached XP level 1. HP: 18/18 MP: 1/1
    43 | D:5      | Noticed an ice beast
    83 | D:5      | Slain by an ice beast

Illustrated notes

Levels and vault maps discovered:
D:5:      layout_loops_ring, uniq_duvessa, uniq_blork_the_orc, uniq_sigmund

Skill      XL: |  1 |
---------------+----+-----
Dodging        | 2 |  2.0
Fighting       | |  3.0
Axes           | |  1.7
Stealth        | |  4.5

Action                     || total
---------------------------++-------
  Melee: Hand axe          ||     4
   Stab: Sleeping          ||     1

Table legend: (Time is in decaauts)
 A = Elapsed time spent in this place.
 B = Non-inter-level travel time spent in this place.
 C = Inter-level travel time spent in this place.
 D = Time resting spent in this place.
 E = Time spent auto-exploring this place.
 F = Levels seen in this place.
 G = Mean time per level.
                   A        B        C        D        E       F      G
               +--------+--------+--------+--------+--------+-----+--------+
         Total |     83 |     83 |      0 |      0 |     28 |   1 |   83.0 |
       Dungeon |     83 |     83 |      0 |      0 |     28 |   1 |   83.0 |
               +--------+--------+--------+--------+--------+-----+--------+

Top non-repeatable levels by time:
     D:5: 83 daAuts
